 Dungeon Crawl Stone Soup version 0.27.1-3-gb3d3a73c9e (webtiles) character file.

Game seed: 5172598842212111511

544 horus123 the Bolt Thrower (level 7, -2/55 HPs)
             Began as a Human Wanderer on Oct 25, 2021.
             Slain by Sigmund (3 damage)
             ... on level 4 of the Dungeon.
             The game lasted 00:10:45 (3077 turns).

horus123 the Bolt Thrower (Human Wanderer)          Turns: 3077, Time: 00:10:47

Health: -2/55      AC: 12    Str: 12    XL:     7   Next: 52%
Magic:  7/7        EV:  6    Int: 11    God:
Gold:   82         SH:  0    Dex: 16    Spells: 6/6 levels left

rFire    . . .     SeeInvis .   a - +2 hand crossbow
rCold    . . .     Faith    .   (no shield)
rNeg     + . .     Spirit   .   k - +0 chain mail
rPois    .         Reflect  .   (no helmet)
rElec    .         Harm     .   (no cloak)
rCorr    .         Rampage  .   (no gloves)
Will     .....                  m - +2 pair of boots
Stlth    ..........             (no amulet)
HPRegen  0.18/turn              i - ring of positive energy
MPRegen  0.10/turn              (no ring)

@: confused
A: no striking features
a: no special abilities


You were on level 4 of the Dungeon.
You visited 1 branch of the dungeon, and saw 4 of its levels.

You collected 126 gold pieces.
You spent 44 gold pieces at shops.

Inventory:

Hand Weapons
 a - a +2 hand crossbow (weapon)
Missiles
 b - 26 bolts (quivered ammo)
 h - a throwing net
Armour
 d - a +0 ring mail
 k - a +0 chain mail (worn)
 m - a +2 pair of boots (worn)
Jewellery
 i - a ring of positive energy (left hand)
Potions
 c - 2 potions of curing
 e - a potion of ambrosia
 g - 2 potions of might {unknown}
 j - a potion of berserk rage {unknown}
 l - a potion of degeneration {unknown}


   Skills:
 + Level 4.8 Fighting
 + Level 5.6 Crossbows
 + Level 4.2 Armour
 + Level 1.5 Dodging
 + Level 2.0 Evocations


You had 6 spell levels left.
You didn't know any spells.
Your spell library was empty.

Dungeon Overview and Level Annotations

Branches:
Dungeon (4/15)
 Temple: D:4-7

Altars:

Shops:
D:2 *

Annotations:
D:4 Sigmund


Message History

The magic dart hits you but does no damage.
Fire: 34 bolts
Press: ? - help, Q - select action, (/) - cycle Shift-Dir - straight line You shoot a bolt.
You hear some strange, mumbled words.
A puff of flame appears from out of thin air!
The puff of flame hits you.
Fire: 33 bolts
Press: ? - help, Q - select action, (/) - cycle Shift-Dir - straight line You shoot a bolt.
Something hits you!
Fire: 32 bolts
Press: ? - help, Q - select action, (/) - cycle Shift-Dir - straight line You shoot a bolt.
Something hits you but does no damage.
Fire: 31 bolts
Press: ? - help, Q - select action, (/) - cycle Shift-Dir - straight line You shoot a bolt.
You hear some strange, mumbled words.
You are confused.
Non-targeted confused fire: 30 bolts
Press: ? - help, Q - select action, (/) - cycle Dir - look around, f - activate You shoot a bolt.
Something hits you.
* * * LOW HITPOINT WARNING * * *
x2 Non-targeted confused fire: 29 bolts
Press: ? - help, Q - select action, (/) - cycle Dir - look around, f - activate You shoot a bolt.
Something hits you but does no damage.
Non-targeted confused fire: 28 bolts
Press: ? - help, Q - select action, (/) - cycle Dir - look around, f - activate You shoot a bolt.
Something hits you but does no damage.
You're too confused to move!
Non-targeted confused fire: 27 bolts
Press: ? - help, Q - select action, (/) - cycle Dir - look around, f - activate You shoot a bolt.
Something hits you!
* * * LOW HITPOINT WARNING * * *
You die...

#(.<(# #...(# # .
#(...#.# .. #....#.##
... .(....... (....
#........ ......
#####.$.....#
......#####....(..###.#
.......@.{((#..........
###.........##...######
#(........###.###
#.........###.#.#
#...............#
..........#####..#
#..........# .....
#..........# ..##.#
#........# ... ..


There were no monsters in sight!

Vanquished Creatures
  Grinder (D:4)
  An ogre (D:4)
  A hound (D:4)
  Natasha (D:3)
  An orc wizard (D:4)
  A killer bee zombie (D:4)
  A hound skeleton (D:4)
  Robin (D:4)
  3 adders
  2 gnolls (D:1)
  2 worms (D:2)
  5 orcs
  6 ball pythons
  3 bats
  6 endoplasms
  2 giant cockroaches
  11 goblins
  9 hobgoblins
  4 jackals (D:3)
  4 quokkas
  4 frilled lizards
  6 kobolds
  4 rats
79 creatures vanquished.

Notes
Turn   | Place    | Note
-------+----------+-------------------------------------------
     0 | D:1      | horus123 the Human Wanderer began the quest for the Orb.
     0 | D:1      | horus123 set off with the following items: a +2 hand
                  | crossbow, 24 bolts, a potion of curing, a +0 ring mail
     0 | D:1      | Reached XP level 1. HP: 18/18 MP: 1/1
   123 | D:1      | Reached XP level 2. HP: 24/24 MP: 2/2
   277 | D:1      | Found a faded altar of an unknown god.
   347 | D:1      | Reached XP level 3. HP: 29/29 MP: 3/3
  1024 | D:2      | Reached XP level 4. HP: 35/35 MP: 4/4
  1240 | D:2      | Reached skill level 3 in Crossbows
  1607 | D:2      | Found Gyodewk's Assorted Antiques.
  1613 | D:2      | Bought a scroll of identify for 44 gold pieces
  2036 | D:3      | Reached XP level 5. HP: 42/42 MP: 5/5
  2167 | D:3      | Noticed Natasha
  2170 | D:3      | Killed Natasha
  2422 | D:4      | Noticed Grinder
  2434 | D:4      | Noticed an ogre
  2533 | D:4      | Reached skill level 4 in Crossbows
  2534 | D:4      | Noticed Robin
  2538 | D:4      | Reached XP level 6. HP: 44/49 MP: 6/6
  2563 | D:4      | Killed Robin
  2618 | D:4      | Killed an ogre
  2619 | D:4      | Reached skill level 1 in Dodging
  2637 | D:4      | Paralysed by Grinder for 3 turns
  2647 | D:4      | Paralysed by Grinder for 6 turns
  2674 | D:4      | Killed Grinder
  2675 | D:4      | Reached skill level 5 in Crossbows
  2675 | D:4      | Reached XP level 7. HP: 40/55 MP: 7/7
  3044 | D:4      | Noticed Sigmund
  3077 | D:4      | HP: 1/55 [something (10)]
  3077 | D:4      | Slain by Sigmund

Illustrated notes

Levels and vault maps discovered:
D:1:      zelgadis_glass_arrival_small, layout_loops_cross,
          ebering_ecumenical_altar_box
D:2:      minmay_door_path, layout_loops_ring, serial_shops, nicolae_shop_trees,
          serial_park_tiny_2, chequers_serial_rivers_large_a,
          minmay_pentomino_o4
D:3:      layout_basic, uniq_natasha
D:4:      layout_basic, uniq_sigmund, uniq_robin, uniq_grinder

Skill      XL: |  1  2  3  4  5  6 |
---------------+-------------------+-----
Crossbows      | 3 4 5 |  5.6
Fighting       | 4 |  4.8
Dodging        | 1 |  1.5
Armour         | 4 |  4.2
Evocations     | |  2.0

Action                   |  1- 3 |  4- 6 |  7- 9 || total
-------------------------+-------+-------+-------++-------
 Fire: Hand crossbow     |    66 |   112 |    40 ||   218
  Use: Scroll            |     2 |     3 |       ||     5
       Potion            |       |     1 |     1 ||     2
Armor: Ring mail         |     5 |     2 |       ||     7
       Chain mail        |       |    34 |    10 ||    44
Dodge: Dodged            |     8 |    14 |     6 ||    28
